 Dungeon Crawl Stone Soup version 0.23.2 (webtiles) character file.

Game seed: 2563061208687227234

16 Gunterle the Vexing (level 2, 0/16 HPs)
             Began as a Kobold Arcane Marksman on Apr 3, 2019.
             Slain by a hobgoblin
             ... wielding a +0 club
              (4 damage)
             ... on level 1 of the Dungeon.
             The game lasted 00:03:43 (1086 turns).

Gunterle the Vexing (Kobold Arcane Marksman)        Turns: 1086, Time: 00:03:43

Health: 0/16       AC:  2    Str:  7    XL:     2   Next: 70%
Magic:  1/3        EV: 15    Int: 14    God:
Gold:   55         SH:  0    Dex: 15    Spells: 2/3 levels left

rFire    . . .     SeeInvis .   j - +0 short sword
rCold    . . .     Gourm    .   (shield restricted)
rNeg     . . .     Faith    .   e - +0 robe
rPois    .         Spirit   .   (no helmet)
rElec    .         Reflect  .   (no cloak)
rCorr    .         Harm     .   (no gloves)
MR       .....                  (no boots)
Stlth    +.........             (no amulet)
HPRegen  0.05/turn              (no ring)
MPRegen  0.08/turn              (no ring)

@: no status effects
A: small, carnivore
a: no special abilities


You were on level 1 of the Dungeon.
You were not hungry.

You visited 1 branch of the dungeon, and saw 1 of its levels.

You collected 55 gold pieces.

Inventory:

Hand Weapons
 a - a +0 hand crossbow
 c - a +0 whip
 j - a +0 short sword (weapon)
Missiles
 b - 56 stones (quivered)
 d - 20 bolts
 n - 15 poisoned needles
Armour
 e - a +0 robe (worn)
Scrolls
 g - a scroll of immolation {unknown}
 i - a scroll of enchant weapon {unknown}
 k - a scroll of magic mapping {unknown}
 l - a scroll of identify {unknown}
 m - a scroll of amnesia {unknown}
 o - a scroll of teleportation {unknown}
Potions
 h - a potion of curing {unknown}
Comestibles
 f - 2 rations


   Skills:
 - Level 1.1 Fighting
 + Level 0.9 Short Blades
 + Level 3.0 Crossbows
 - Level 2.4 Dodging
 - Level 1.1 Spellcasting
 + Level 3.3 Hexes


You had 2 spell levels left.
You knew the following spells:

 Your Spells              Type           Power        Failure   Level  Hunger
a - Corona                Hex            ##.....      7%          1    ##.....

Your spell library contained the following spells:

 Spells                   Type           Power        Failure   Level  Hunger
 Slow                     Hex            ##......     10%         2    ###....
 Inner Flame              Hex/Fire       #.......     36%         3    ####...
 Portal Projectile        Hex/Tloc       #.....       36%         3    ####...
 Cause Fear               Hex            ##........   54%         4    #####..
 Leda's Liquefaction      Hex/Erth       #.........   78%         4    #####..


Dungeon Overview and Level Annotations

Branches:
Dungeon (1/15)

Altars:


Innate Abilities, Weirdness & Mutations

You are small and have problems with some larger weapons.
You are carnivorous and can eat meat at any time.


Message History

You are too injured to fight recklessly!
You are too injured to fight recklessly!
You are too injured to fight recklessly!
You are too injured to fight recklessly!
You hit the hobgoblin but do no damage.
The hobgoblin is almost dead.
The hobgoblin barely misses you.
You closely miss the hobgoblin.
The hobgoblin is almost dead.
The hobgoblin barely misses you.
You barely miss the hobgoblin.
The hobgoblin is almost dead.
The hobgoblin barely misses you.
You closely miss the hobgoblin.
The hobgoblin is almost dead.
The hobgoblin closely misses you.
You barely miss the hobgoblin.
The hobgoblin is almost dead.
The hobgoblin hits you with a +0 club.
You die...

#.....# #.........
#.....# #.........
#.....# ####.........
#.....# #............
#.....####......####..
#...............# #..
############..#.# #..
#.........#.# #..
#@#####...#.# #..
#..g........#.# ##..
#.#.######..#.# #...
#.#.. #..#.# #... #
#.. #..#.# #... #...
#..#.# #... #.).
#..#.# #... #....
#..#.###...
#####..#.##....


You could see a hobgoblin.

Vanquished Creatures
  A leopard gecko (D:1)
  A giant cockroach (D:1)
  A goblin (D:1)
  A hobgoblin (D:1)
  4 bats (D:1)
  3 frilled lizards (D:1)
  2 kobolds (D:1)
  4 rats (D:1)
17 creatures vanquished.

Notes
Turn   | Place    | Note
-------+----------+-------------------------------------------
     0 | D:1      | Gunterle the Kobold Arcane Marksman began the quest for the
                  | Orb.
     0 | D:1      | Reached XP level 1. HP: 12/12 MP: 2/2
   506 | D:1      | Reached XP level 2. HP: 16/16 MP: 1/3
  1086 | D:1      | Slain by a hobgoblin

Skill      XL: |  1  2 |
---------------+-------+-----
Crossbows      | 3 |  3.0
Fighting       | |  1.1
Short Blades   | |  0.9
Dodging        | |  2.4
Spellcasting   | |  1.1
Hexes          | |  3.3

Action                   || total
-------------------------++-------
Melee: Whip              ||    30
       Short sword       ||    38
 Fire: Hand crossbow     ||     1
 Cast: Corona            ||    19
 Stab: Sleeping          ||     2
  Eat: Chunk             ||     3
Armor: Robe              ||    14
Dodge: Dodged            ||    54
